 Dungeon Crawl Stone Soup version 0.18.1-48-g4cf74bf (webtiles) character file.

8113 nikopol the Spear-Bearer (level 11, -1/97 HPs)
             Began as a Minotaur Berserker on July 3, 2016.
             Was a High Priest of Trog.
             Slain by a black mamba (4 damage)
             ... on level 2 of the Lair of Beasts on July 4, 2016.
             The game lasted 00:24:59 (8245 turns).

nikopol the Spear-Bearer (Minotaur Berserker)       Turns: 8245, Time: 00:25:00

Health: -1/97      AC: 18    Str: 23    XL:     11   Next: 5%
Magic:  10/10      EV: 12    Int:  2    God:    Trog [*****.]
Gold:   345        SH:  4    Dex: 14    Spells: 0 memorised, 10 levels left

rFire  . . .     SeeInvis .     x - +0 trident
rCold  . . .     Gourm    .     H - +4 chain mail {rPois}
rNeg   . . .     Faith    .     (no shield)
rPois  +         Spirit   .     (helmet restricted)
rElec  .         Dismiss  .     M - +0 cloak
rCorr  .         Reflect  +     Q - +1 pair of gloves
SustAt .         Harm     .     (no boots)
MR     ++++.                    z - +4 amulet of reflection
Stlth  ..........               S - ring "Avong" {rPois MR+ Int-2 Dex+2}
                                d - ring of protection from magic

@: lethally poisoned (-1 -> -1), exhausted, regenerating, incredibly resistant
to hostile enchantments, extremely unstealthy
A: retaliatory headbutt, horns 2
a: Berserk, Trog's Hand, Brothers in Arms, Burn Spellbooks, Renounce Religion


You were on level 2 of the Lair of Beasts.
You worshipped Trog.
Trog was extremely pleased with you.
You were hungry.

You visited 2 branches of the dungeon, and saw 10 of its levels.

You collected 448 gold pieces.
You spent 103 gold pieces at shops.

Inventory:

Hand Weapons
 c - a +0 shortbow
 x - a +0 trident (weapon)
 N - a +1 antimagic bardiche
Missiles
 h - 159 arrows (quivered)
Armour
 H - a +4 chain mail of poison resistance (worn)
 M - a +0 cloak (worn)
 Q - a +1 pair of gloves (worn)
Jewellery
 b - a +3 ring of evasion {unknown}
 d - a ring of protection from magic (left hand)
 z - a +4 amulet of reflection (around neck)
 J - an uncursed amulet of guardian spirit {unknown}
 S - the ring "Avong" (right hand) {rPois MR+ Int-2 Dex+2}
   (You found it on level 1 of the Lair of Beasts)

   [ring of poison resistance]

   It affects your intelligence (-2).
   It affects your dexterity (+2).
   It protects you from poison.
   It affects your resistance to hostile enchantments.
Wands
 a - a wand of teleportation (3/9)
 n - a wand of slowing (13/48)
 o - a wand of iceblast (6/15)
 v - a wand of random effects (27/48)
 y - a wand of digging (18/24)
 L - a wand of digging (16/24)
 P - a wand of flame (20/48)
Scrolls
 e - 2 scrolls of fog
 g - a scroll of enchant armour
 j - 5 scrolls of remove curse
 l - 6 scrolls of identify
 m - 3 scrolls of immolation
 p - a scroll of magic mapping
 t - a scroll of recharging {unknown}
 w - 2 scrolls of blinking {unknown}
 B - 4 scrolls of teleportation {unknown}
 I - a scroll of acquirement {unknown}
 K - a scroll of random uselessness {unknown}
Potions
 i - a potion of cure mutation {unknown}
 q - a potion of cancellation {unknown}
 s - 2 potions of heal wounds {unknown}
 u - 3 potions of lignification {unknown}
 A - 3 potions of curing {unknown}
 D - a potion of might {unknown}
 E - a potion of berserk rage {unknown}
Comestibles
 f - 4 meat rations
 k - 6 chunks of flesh
 C - 4 bread rations
 O - 23 fruits


   Skills:
 + Level 9.0 Fighting
 * Level 11.4 Polearms
 * Level 9.1 Bows
 + Level 8.3 Armour
 + Level 7.9 Dodging


You had 10 spell levels left.
You didn't know any spells.

Dungeon Overview and Level Annotations

Branches:
Dungeon (8/15)             Temple (0/1) D:6            Lair (2/8) D:8

Altars:
Cheibriados
Gozag
Qazlal
Ru
Trog
Yredelemnul
The Shining One

Shops:
D:6 *   D:7 :

Annotations:
D:7 exclusion: oklob plant


Innate Abilities, Weirdness & Mutations

You reflexively headbutt those who attack you in melee.
You have a pair of horns on your head.


Message History

You feel sick. The black mamba bites you.
* * * LOW HITPOINT WARNING * * *
You closely miss the black mamba.
The black mamba is severely wounded.
The black mamba bites you.
* * * LOW HITPOINT WARNING * * *
You are feeling hungry.
You hit the black mamba but do no damage.
The black mamba is severely wounded.
You feel sick. The black mamba misses you.
You hit the black mamba. Your headbutt misses the black mamba.
The black mamba is severely wounded.
The black mamba bites you!
* * * LOW HITPOINT WARNING * * *
Your skin crawls.
You feel resistant to hostile enchantments.
You feel slightly more hungry.
You feel sick. The black mamba completely misses you. You furiously retaliate!
You headbutt the black mamba. The black mamba bites you.
You die...

,,,,,,,,,,,,,,,,,,**,,,,,,,,,,,,,
,,,,,,,,,.........P#...,,,,,,,,,<
,,,,,,,,,....,........,,,,,,,,,,,
,,,,,,,,,......#..........,,,,,,,
,,,,,,,,,...>.#...........,,,,,,,
,,,,,,,***#...............,,,,,,,
,,,,,,,,* #.......,.......,,,,,,,
*,,,,,,,**♣.....S#*.......,,,,,,,
*,,,****,***,**♣@##P......,,,,,,,
,,,** *** *** ♣♣.......(.,,,,,,,
,,**♣♣♣♣********♣♣........,,,,,,,
,,* ♣...,,,,,,,* ♣........,,,,,<,
,,* ♣...,,,,,,,* ♣........,,,,,,,
,,**♣..######,,*♣♣........,,,,,,,
,,,*♣..#⌠..§#,,*♣.........,,,,,,,
,,,*♣..'.§§.#,,*♣♣........,,,,,,,
,,,*♣..§.§<.#,.♣ ♣........,,,,,,,


You could see a black mamba.

Vanquished Creatures
  Pikel (D:7)
  A black mamba (Lair:1)
  Joseph (D:7)
  A spiny frog (Lair:1)
  A komodo dragon (Lair:1)
  Prince Ribbit (D:7)
  Eustachio (D:6)
  A wyvern (D:8)
  8 yaks (Lair:1)
  2 hungry ghosts
  A hippogriff (Lair:1)
  Duvessa (D:6)
  2 porcupines (Lair:1)
  5 water moccasins
  An orc warrior (D:5)
  2 sky beasts
  3 slaves (D:7)
  A necrophage (D:8)
  9 wolves
  An ogre (D:4)
  4 centaurs
  3 crocodiles
  3 big kobolds
  2 giant frogs
  A gnoll sergeant (D:6)
  Dowan (D:6)
  3 scorpions
  4 howler monkeys (D:7)
  A crimson imp (D:5)
  A giant frog zombie (D:6)
  8 jellies
  A hound (D:8)
  Crazy Yiuf (D:7)
  3 centaur skeletons
  4 orc priests
  3 worker ants
  2 iguanas
  3 orc wizards
  A hound skeleton (D:5)
  A hound zombie (D:6)
  A worker ant zombie (D:7)
  4 adders
  12 gnolls
  5 river rats (Lair:1)
  2 shadow imps
  20 oozes
  3 worms
  3 dart slugs
  5 giant geckos
  27 orcs
  4 ball pythons
  5 bats
  7 giant cockroaches
  2 gnoll zombies (D:2)
  3 goblins
  6 hobgoblins
  5 jackals (D:2)
  3 quokkas
  7 giant newts
  14 kobolds
  5 rats
237 creatures vanquished.

Vanquished Creatures (others)
  A slave (D:7)
  A goblin (D:3)
  7 fungi (D:7)
9 creatures vanquished.

Grand Total: 246 creatures vanquished

Notes
Turn   | Place    | Note
--------------------------------------------------------------
     0 | D:1      | nikopol the Minotaur Berserker began the quest for the Orb.
     0 | D:1      | Reached XP level 1. HP: 19/19 MP: 0/0
    81 | D:1      | Reached XP level 2. HP: 23/27 MP: 1/1
   542 | D:1      | Reached skill level 4 in Polearms
   626 | D:2      | Reached XP level 3. HP: 28/33 MP: 2/2
   733 | D:2      | Reached ** piety under Trog
   824 | D:2      | Found an opulent altar of Gozag.
   867 | D:2      | Reached XP level 4. HP: 36/41 MP: 3/3
   923 | D:2      | Found a basalt altar of Yredelemnul.
  1856 | D:3      | Reached XP level 5. HP: 42/47 MP: 4/4
  2003 | D:3      | Reached *** piety under Trog
  2028 | D:4      | Reached skill level 5 in Fighting
  2028 | D:4      | Reached skill level 5 in Polearms
  2264 | D:4      | Reached XP level 6. HP: 40/56 MP: 5/5
  2560 | D:4      | Reached skill level 1 in Bows
  2887 | D:4      | Reached XP level 7. HP: 61/61 MP: 6/6
  2925 | D:4      | Reached skill level 6 in Polearms
  3008 | D:4      | Reached skill level 5 in Armour
  3151 | D:5      | Entered Level 5 of the Dungeon
  3487 | D:5      | Found an opulent altar of Gozag.
  3487 | D:5      | Found a sacrificial altar of Ru.
  3488 | D:5      | Found a bloodstained altar of Trog.
  3501 | D:5      | Reached skill level 7 in Polearms
  3534 | D:5      | Found a stormy altar of Qazlal.
  3948 | D:6      | Noticed Duvessa
  3948 | D:6      | Noticed Dowan
  3956 | D:6      | Killed Duvessa
  3956 | D:6      | Reached XP level 8. HP: 70/70 MP: 7/7
  3958 | D:6      | Killed Dowan
  3961 | D:6      | Reached skill level 5 in Dodging
  4123 | D:6      | Reached **** piety under Trog
  4176 | D:6      | Found Watecs's Assorted Antiques.
  4180 | D:6      | Bought a shiny chain mail for 103 gold pieces
  4212 | D:6      | Received a gift from Trog
  4247 | D:6      | Found a snail-covered altar of Cheibriados.
  4248 | D:6      | Found a glowing golden altar of the Shining One.
  4392 | D:6      | Noticed Eustachio
  4418 | D:6      | Killed Eustachio
  4418 | D:6      | Reached skill level 8 in Polearms
  4429 | D:6      | Found a staircase to the Ecumenical Temple.
  4583 | D:7      | Reached skill level 5 in Bows
  4608 | D:7      | Noticed Joseph
  4618 | D:7      | Killed Joseph
  4618 | D:7      | Reached XP level 9. HP: 78/78 MP: 8/8
  4917 | D:7      | Reached skill level 9 in Polearms
  4955 | D:7      | Noticed an oklob plant
  5609 | D:7      | Reached ***** piety under Trog
  5666 | D:7      | Noticed Pikel
  5695 | D:7      | Killed Pikel
  5832 | D:7      | Found Apesemer's Book Shop.
  6125 | D:7      | Noticed Prince Ribbit
  6167 | D:7      | Noticed Crazy Yiuf
  6174 | D:7      | Killed Crazy Yiuf
  6242 | D:7      | Received a gift from Trog
  6338 | D:7      | Killed Prince Ribbit
  6436 | D:8      | Found a staircase to the Lair.
  6660 | D:8      | Reached XP level 10. HP: 88/88 MP: 9/9
  6703 | D:8      | Reached skill level 10 in Polearms
  7092 | Lair:1   | Entered Level 1 of the Lair of Beasts
  7204 | Lair:1   | Got an ancient lead ring
  7265 | Lair:1   | Identified the ring "Avong" {rPois MR+ Int-2 Dex+2} (You found it on level 1 of the Lair of Beasts)
  7285 | Lair:1   | Noticed a spiny frog
  7288 | Lair:1   | Noticed a black mamba
  7311 | Lair:1   | Killed a spiny frog
  7322 | Lair:1   | Killed a black mamba
  7322 | Lair:1   | Reached skill level 11 in Polearms
  8185 | Lair:2   | Reached XP level 11. HP: 87/97 MP: 10/10
  8244 | Lair:2   | HP: 3/97 [black mamba (7)]
  8245 | Lair:2   | Slain by a black mamba

Skill      XL: |  1  2  3  4  5  6  7  8  9 10 |
---------------+-------------------------------+-----
Polearms       | 4 5 7 8 9 11 | 11.4
Fighting       | 4 5 6 7 9 |  9.0
Armour         | 3 4 5 6 7 8 |  8.3
Dodging        | 3 4 5 6 7 |  7.9
Bows           | 1 3 5 7 9 |  9.1

Action                   |  1- 3 |  4- 6 |  7- 9 | 10-12 || total
-------------------------+-------+-------+-------+-------++-------
Melee: Spear             |    97 |   130 |    39 |       ||   266
       Headbutt          |    12 |    26 |    43 |    20 ||   101
       Trident           |       |       |   251 |   146 ||   397
       Halberd           |       |       |     3 |       ||     3
 Fire: Shortbow          |       |     3 |   187 |    51 ||   241
Invok: Berserk           |       |     3 |     7 |     3 ||    13
       Trog's Hand       |       |       |     1 |     1 ||     2
  Use: Scroll            |       |       |       |     7 ||     7
 Stab: Sleeping          |     1 |       |       |       ||     1
  Eat: Chunk             |       |     7 |    19 |     8 ||    34
       Beef jerky        |       |     1 |       |       ||     1
       Fruit             |       |       |     2 |     1 ||     3
       Pizza             |       |       |     2 |       ||     2
Armor: Animal skin       |     3 |       |       |       ||     3
       Scale mail        |     9 |    36 |    16 |       ||    61
       Chain mail        |       |       |    65 |    54 ||   119
Dodge: Dodged            |    45 |    40 |    93 |    79 ||   257
Block: Other             |       |       |    24 |    20 ||    44
       Reflection        |       |       |     2 |       ||     2
